 Dungeon Crawl Stone Soup version 0.31.0-12-g77e489cdc1 (webtiles) character file.

Game seed: 8589563260726083775

213 Gadfly the Sneak (level 5, -3/25 HPs)
             Began as a Spriggan Enchanter on Feb 22, 2024.
             Slain by Grinder (5 damage)
             ... while paralysed by Grinder
             ... on level 4 of the Dungeon.
             The game lasted 00:04:43 (3555 turns).

Gadfly the Sneak (Spriggan Enchanter)               Turns: 3555, Time: 00:04:44

Health: -3/25      AC:  2    Str:  4    XL:     5   Next: 59%
Magic:  18/20      EV:  4    Int: 17    God:
Gold:   200        SH:  0    Dex: 17    Spells: 6/11 levels left

rFire   x . .        a - +1 dagger
rCold   + . .        (no shield)
rNeg    . . .        b - +0 robe
rPois   .            (helmet restricted)
rElec   .            (no cloak)
rCorr   .            (gloves unavailable)
SInv    +            (boots unavailable)
Will    .....        i - amulet of reflection
Stlth   +++          o - ring of ice
HPRegen 0.24/turn    k - ring of magical power
MPRegen 0.17/turn

%: reflection
@: paralysed, confusing by touch, very quick
A: very small, no large weapons, unfitting armour, see invisible, speed 3
a: no special abilities


You were on level 4 of the Dungeon.
You visited 1 branch of the dungeon, and saw 4 of its levels.

You collected 200 gold pieces.

Inventory:

Hand Weapons
 a - a +1 dagger (weapon)
Armour
 b - a +0 robe (worn)
Jewellery
 e - a ring of resist corrosion
 i - an amulet of reflection (around neck)
 k - a ring of magical power (right hand)
 o - a ring of ice (left hand)
Wands
 g - a wand of charming (8)
Scrolls
 m - 3 scrolls of identify
Potions
 c - 2 potions of invisibility
 d - a potion of lignification
 f - 2 potions of curing
 h - a potion of mutation
 j - 3 potions of berserk rage
 l - a potion of attraction
 n - a potion of heal wounds
 p - a potion of might {unknown}


   Skills:
 + Level 1.4 Fighting
 + Level 2.5 Short Blades
 + Level 3.5 Dodging
 + Level 5.3 Stealth
 + Level 3.7 Spellcasting
 + Level 4.5 Hexes
 + Level 2.4 Evocations


You had 6 spell levels left.
You knew the following spells:

 Your Spells              Type           Power      Damage    Failure   Level
a - Ensorcelled Hibernat  Hex/Ice        32%        N/A       10%         2
b - Confusing Touch       Hex            18%        N/A       8%          3

Your spell library contained the following spells:

 Spells                   Type           Power      Damage    Failure   Level
 Tukima's Dance           Hex            18%        N/A       8%          3
 Dazzling Flash           Conj/Hex       20%        N/A       19%         3


Dungeon Overview and Level Annotations

Branches:
Dungeon (4/15)
 Temple: D:4-7

Altars:
Uskayaw

Annotations:
D:4 Grinder


Innate Abilities, Weirdness & Mutations

You are very small and have problems with some larger weapons.
You are too small for most types of armour.
You have supernaturally acute eyesight. (SInv)
You cover ground extremely quickly. (Speed+++)


Message History

Casting: Confusing Touch (quite dangerous; 8% risk of failure)
Confirm with . or Enter, or press ? or * to list all spells.
Your hands begin to glow red.
Grinder gestures at you. You resist with some effort.
You hit Grinder but do no damage.
Grinder is almost dead.
You barely miss Grinder.
Grinder is almost dead.
Grinder says, "What is the universe for?"
Grinder gestures at you. Pain shoots through your body!
You hit Grinder but do no damage.
Grinder is almost dead.
Grinder hits you!
You writhe in agony.
You are too injured to fight recklessly!
You are too injured to fight recklessly!
You are too injured to fight recklessly!
You are too injured to fight recklessly!
You are too injured to fight recklessly!
You are too injured to fight recklessly!
You are too injured to fight recklessly!
You are too injured to fight recklessly!
You are too injured to fight recklessly!
You are too injured to fight recklessly!
You are too injured to fight recklessly!
You are too injured to fight recklessly!
You are too injured to fight recklessly!
You are too injured to fight recklessly!
You are too injured to fight recklessly!
You are too injured to fight recklessly!
You barely miss Grinder.
Grinder is almost dead.
Grinder gestures at you.
You suddenly lose the ability to move!
Grinder hits you.
You writhe in agony.
* * * LOW HITPOINT WARNING * * *
Grinder hits you.
You die...
Grinder says, "Hey, I wasn't done torturing you yet!"

#.# #..#
##......).
#.####.# #..#
#####..[.
#......# #..#
#.#.. ...####.#
#..# #.###
#...###.######..#
#.#
#.#.............#
#.#
#....##.####.##
#.# ##.##.##.#
#5# #.#
.........# #@#
#.. ##.......#
#.# ###
#.......####.#
#...........)#
.........######
##.......#
.........#
......##.# #.###
#.#


You could see Grinder.

Vanquished Creatures
  A bombardier beetle (D:3)
  An orc priest (D:4)
  An orc wizard (D:4)
  A gnoll (D:2)
  3 adders
  5 dart slugs
  6 orcs (D:4)
  6 endoplasms
  6 giant cockroaches
  5 goblins
  6 hobgoblins
  2 jackals (D:2)
  3 quokkas
  8 ball pythons
  4 bats
  4 frilled lizards
  3 kobolds
  5 rats
70 creatures vanquished.

Notes
Turn   | Place    | Note
-------+----------+-------------------------------------------
     0 | D:1      | Gadfly the Spriggan Enchanter began the quest for the Orb.
     0 | D:1      | Reached XP level 1. HP: 9/9 MP: 5/5
   204 | D:1      | Reached XP level 2. HP: 12/13 MP: 6/6
   207 | D:1      | Learned a level 2 spell: Ensorcelled Hibernation
   438 | D:1      | Reached skill level 1 in Evocations
   617 | D:1      | Found a faded altar of an unknown god.
   914 | D:2      | Reached XP level 3. HP: 4/17 MP: 3/8
   970 | D:2      | Found a hide-covered altar of Uskayaw.
  1497 | D:2      | Reached XP level 4. HP: 21/21 MP: 2/10
  1577 | D:2      | Reached skill level 1 in Fighting
  1937 | D:2      | Learned a level 3 spell: Confusing Touch
  2498 | D:3      | Reached skill level 5 in Stealth
  2661 | D:3      | Reached XP level 5. HP: 25/25 MP: 11/11
  3518 | D:4      | Noticed Grinder
  3524 | D:4      | Paralysed by Grinder for 2 turns
  3541 | D:4      | Paralysed by Grinder for 4 turns
  3553 | D:4      | Paralysed by Grinder for 4 turns
  3555 | D:4      | Slain by Grinder

Illustrated notes

Levels and vault maps discovered:
D:1:      nicolae_arrival_washed_ashore, layout_loops_cross,
          shapermc_ecumenical_altar_ellora
D:2:      layout_rooms, basic_altar, cheibrodos_gnoll_hut
D:3:      layout_basic, hangedman_decor_slide_cut, minmay_misc_feat_cross,
          due_unseen_surprise
D:4:      layout_loops_ring, nicolae_shop_overcharged_wands, uniq_grinder

Skill      XL: |  1  2  3  4 |
---------------+-------------+-----
Spellcasting   | 3 |  3.7
Evocations     | 1 2 |  2.4
Dodging        | 3 |  3.5
Hexes          | 4 |  4.5
Fighting       | 1 |  1.4
Short Blades   | 2 |  2.5
Stealth        | 5 |  5.3

Action                     |  1- 3 |  4- 6 || total
---------------------------+-------+-------++-------
  Melee: Dagger            |    97 |    84 ||   181
         Punch             |     2 |     1 ||     3
   Cast: Ensorcelled Hiber |    17 |    22 ||    39
         Confusing Touch   |       |     2 ||     2
    Use: Scroll            |     5 |     4 ||     9
         Potion            |       |     1 ||     1
   Stab: Sleeping          |    21 |    28 ||    49
         Confused          |       |     1 ||     1
 Armour: Robe              |    25 |    21 ||    46
  Dodge: Dodged            |    58 |    32 ||    90
  Block: Other             |    19 |    13 ||    32
